 Dungeon Crawl Stone Soup version 0.24-a0-653-g3936067ed8 (webtiles) character file.

Game seed: 8846414990322801506, levelgen mode: deterministic

84284 Gargoyl the Spear-Bearer (level 15, -3/126 HPs)
             Began as a Centaur Abyssal Knight on Sept 27, 2019.
             Was the Champion of Lugonu.
             Slain by a white ugly thing (35 damage)
             ... on level 14 of the Dungeon.
             The game lasted 00:55:20 (32962 turns).

Gargoyl the Spear-Bearer (Centaur Abyssal Knight)  Turns: 32962, Time: 00:55:21

Health: -3/126     AC: 25    Str: 19    XL:     15   Next: 34%
Magic:  7/7        EV: 12    Int: 18    God:    Lugonu [******]
Gold:   1728       SH:  0    Dex: 14    Spells: 14/14 levels left

rFire    . . .     SeeInvis .   d - +10 halberd "Kyphah" {antimagic, rElec rF- Int+3 Dex+3}
rCold    . . .     Gourm    .   (shield currently unavailable)
rNeg     + . .     Faith    .   F - +1 pearl dragon scales
rPois    +         Spirit   .   K - +0 hat of a wizard's laboratory {rF+ Int+4}
rElec    +         Reflect  .   x - +0 cloak {rPois}
rCorr    +         Harm     .   T - +1 pair of gloves of Loss {MR+}
MR       ++...     Clarity  +   (no barding)
Stlth    ..........             (no amulet)
HPRegen  0.31/turn              s - ring of Robustness {AC+8}
MPRegen  0.10/turn              E - ring of resist corrosion

@: studying 2 skills, very quick
A: large, hooves 3, clarity, deformed body, speed 2, low mp 1, tough skin 3
a: Depart the Abyss, Bend Space, Banish, Corrupt, Enter the Abyss, Brand Weapon
With Distortion, Renounce Religion


You were on level 14 of the Dungeon.
You worshipped Lugonu.
Lugonu was exalted by your worship.
You were hungry.

You visited 2 branches of the dungeon, and saw 21 of its levels.
You visited the Abyss 1 time.
You also visited: Ossuary and Gauntlet.

You collected 2125 gold pieces.
You spent 397 gold pieces at shops.

Inventory:

Hand Weapons
 a - a +2 hand axe of freezing
 d - the +10 halberd "Kyphah" (weapon) {antimagic, rElec rF- Int+3 Dex+3}
   (You found it on level 2 of the Abyss)

   It reduces the magical energy of the wielder, and disrupts the spells and
   magical abilities of those hit.
   Natural abilities and divine invocations are not affected.
   It affects your intelligence (+3).
   It affects your dexterity (+3).
   It makes you vulnerable to fire.
   It insulates you from electricity.
 r - a +2 war axe of draining
 J - the +2 broad axe "Xifougg" {freeze, Str+2}
   (You bought it in a shop on level 11 of the Dungeon)

   It has been specially enchanted to freeze those struck by it, causing extra
   injury to most foes and up to half again as much damage against particularly
   susceptible opponents.
   It can also slow down cold-blooded creatures.
   It affects your strength (+2).
Missiles
 R - 21 javelins (quivered)
Armour
 x - a +0 cloak of poison resistance (worn)
 F - +1 pearl dragon scales (worn)
 K - the +0 hat of a wizard's laboratory (worn) {rF+ Int+4}
   (You found it in a Gauntlet)

   It affects your intelligence (+4).
   It protects you from fire.
 P - a +2 chain mail of fire resistance
 T - the +1 pair of gloves of Loss (worn) {MR+}
   (You found it on level 5 of the Lair of Beasts)

   It affects your resistance to hostile enchantments.
Jewellery
 n - a +2 ring of strength {unknown}
 s - the ring of Robustness (left hand) {AC+8}
   (You found it on level 11 of the Dungeon)

   [ring of protection]

   It affects your AC (+8).
 B - an uncursed ring of fire
 E - a ring of resist corrosion (right hand)
 S - an uncursed ring of magical power
Wands
 p - a wand of digging (2)
 q - a wand of flame (60)
 t - a wand of iceblast (8)
 u - a wand of enslavement (7)
 v - a wand of polymorph (19)
 C - a wand of random effects (40)
 H - a wand of paralysis (11)
 L - a wand of acid (4)
 O - a wand of disintegration (36)
Scrolls
 b - 5 scrolls of fear
 e - 3 scrolls of blinking
 g - 11 scrolls of remove curse
 m - 7 scrolls of identify
 y - 5 scrolls of teleportation
 A - 5 scrolls of magic mapping
 U - a scroll of enchant armour
 V - a scroll of enchant weapon
Potions
 f - 2 potions of magic
 h - 3 potions of haste
 i - 4 potions of brilliance
 j - 4 potions of agility
 l - 9 potions of curing
 o - 2 potions of cancellation
 w - 2 potions of heal wounds
 z - 2 potions of berserk rage
 D - 4 potions of lignification
 N - 2 potions of might
 Q - 2 potions of invisibility
Books
 k - a manual of Staves
 I - a manual of Crossbows
Miscellaneous
 G - a lamp of fire
Comestibles
 c - 28 rations


   Skills:
 + Level 10.2 Fighting
 + Level 1.8(9.6) Axes
 + Level 14.1 Polearms
 + Level 2.9 Throwing
 * Level 10.7 Armour
 * Level 8.6 Dodging
 * Level 12.1 Invocations
 + Level 1.3 Evocations


You had 14 spell levels left.
You didn't know any spells.
Your spell library contained the following spells:

 Spells                   Type           Power        Failure   Level  Hunger
 Flame Tongue             Conj/Fire      #....        54%         1    ##.....
 Magic Dart               Conj           #...         54%         1    ##.....
 Shock                    Conj/Air       #...         54%         1    ##.....
 Sting                    Conj/Pois      #...         54%         1    ##.....
 Summon Small Mammal      Summ           #...         54%         1    ##.....
 Call Imp                 Summ           #.......     67%         2    ###....
 Poisonous Vapours        Pois/Air       #.....       67%         2    ###....
 Searing Ray              Conj           #.....       67%         2    ###....
 Throw Flame              Conj/Fire      #.....       67%         2    ###....
 Call Canine Familiar     Summ           #.......     88%         3    ####...
 Conjure Flame            Conj/Fire      #.......     88%         3    ####...
 Dazzling Spray           Conj/Hex       #.....       88%         3    ####...
 Inner Flame              Hex/Fire       #.......     88%         3    ####...
 Mephitic Cloud           Conj/Pois/Air  #.......     88%         3    ####...
 Ozocubu's Armour         Chrm/Ice       #.......     88%         3    ####...
 Summon Guardian Golem    Hex/Summ       #.......     88%         3    ####...
 Force Lance              Conj/Tloc      #.......     99%         4    #####..
 Fulminant Prism          Conj/Hex       #.........   99%         4    #####..
 Iskenderun's Mystic Bla  Conj           #.......     99%         4    #####..
 Olgreb's Toxic Radiance  Pois           #.......     99%         4    #####..
 Sticky Flame             Conj/Fire      #.......     99%         4    #####..
 Summon Ice Beast         Ice/Summ       #.......     99%         4    #####..
 Summon Lightning Spire   Summ/Air       #.......     99%         4    #####..
 Fireball                 Conj/Fire      #.........   100%        5    ######.
 Venom Bolt               Conj/Pois      #.........   100%        5    ######.
 Freezing Cloud           Conj/Ice/Air   #.........   100%        6    #######
 Simulacrum               Ice/Necr       #.........   100%        6    #######
 Malign Gateway           Summ/Tloc      #.........   100%        7    #######
 Controlled Blink         Tloc           N/A          100%        8    #######


Dungeon Overview and Level Annotations

Branches:
Dungeon (15/15)            Temple (0/1) D:5            Lair (6/6) D:11
 Shoals (0/4) Lair:4       Spider (0/4) Lair:4        Slime (0/5) Lair:5
    Orc (0/2) D:11         Vaults (0/5) D:13        Ossuary (visited)
Gauntlet (visited)
 Depths: D:15

Altars:
Ashenzari
Cheibriados
Dithmenos
Elyvilon
Kikubaaqudgha
Makhleb
Ru
Sif Muna
Uskayaw
Vehumet
Wu Jian
Yredelemnul
Zin
The Shining One
Lugonu

Shops:
D:4 %   D:5 %[:?   D:6 !   D:11 *

Portals:
Abyss: D:1


Innate Abilities, Weirdness & Mutations

You have hooves in place of feet.
Armour fits poorly on your strangely shaped body.
You cover ground very quickly.
You have extremely tough skin. (AC +3)
You possess an exceptional clarity of mind.
Your magical capacity is low. (-10% MP)


Message History

The brown ugly thing barely misses you.
You puncture the brown ugly thing! You kick the brown ugly thing.
You kill the brown ugly thing!
Lugonu accepts your kill. The white ugly thing tail-slaps you.
The white ugly thing freezes you!!
Things that are here:
16 stones; 4 arrows; an ugly thing corpse You barely miss the white ugly thing.
Your kick misses the white ugly thing.
The white ugly thing is moderately wounded.
The white ugly thing tail-slaps you! The white ugly thing freezes you!
* * * LOW HITPOINT WARNING * * *
You barely miss the white ugly thing. Your kick misses the white ugly thing.
The white ugly thing is moderately wounded.
The white ugly thing tail-slaps you but does no damage.
You slash the white ugly thing! Your kick misses the white ugly thing.
The white ugly thing is heavily wounded.
The white ugly thing tail-slaps you.
* * * LOW HITPOINT WARNING * * *
The white ugly thing freezes you!!
You die...

### ################.#
#................################
##.#############.#...............
#.########## #(##.#############
#..........# #[##.# #
###########.# #@##.# #########
#.........#.####u##.#####........
###.####.#...##.(.......#........
#.####.#...#..>................
#.##.......#.(........#.......≈
#.##.#..#.##(...#.....#........
#.##.####.##....#.....#........
#.##........#..................
#.######....#...#.....#........


You could see a white ugly thing.

Vanquished Creatures
  Gastronok (D:12)
  Louise (D:14)
  The ghost of wazuzu the Tainter, a journeyman OgFE of Vehumet (Lair:3)
  An entropy weaver (Gauntlet)
  A minotaur (Gauntlet)
  Snorg (D:13)
  A blizzard demon (Gauntlet)
  Josephine (D:11)
  8 vault guards (D:13)
  2 hydras
  A merfolk avatar (Lair:6)
  Erica (D:10)
  2 centaur warriors
  2 two-headed ogres
  Urug (D:13)
  A shadow wraith (D:14)
  A sea snake (Lair:5)
  2 unseen horrors
  4 oklob plants (Lair:3)
  13 ugly things
  3 manticores
  2 cyclopes
  11 elephants
  Psyche (D:8)
  5 black mambas
  16 spiny frogs
  15 komodo dragons
  6 rime drakes
  A kobold demonologist (D:12)
  A queen bee (Lair:1)
  2 trolls
  2 jumping spiders (Gauntlet)
  A harpy zombie (D:12)
  4 hornets
  2 polar bears (Lair:5)
  A wind drake (Lair:6)
  23 hippogriffs
  16 blink frogs
  2 slime creatures (Lair:5)
  A shadow (D:14)
  A spriggan (shapeshifter) (D:14)
  A yak (shapeshifter) (Gauntlet)
  11 wyverns
  A water elemental (D:14)
  6 wraiths
  A vampire (D:10)
  8 basilisks
  46 yaks
  A steam dragon (Lair:2)
  2 hungry ghosts
  3 vampire mosquitoes (D:12)
  2 acid dragons (D:12)
  2 hell hounds (Lair:6)
  15 water moccasins
  9 porcupines
  2 black bears
  4 orc warriors
  An ice beast (D:13)
  3 sky beasts
  A black bear (shapeshifter) (Gauntlet)
  4 phantoms
  7 ogres
  17 wolves
  A crocodile (shapeshifter) (Gauntlet)
  19 centaurs
  2 big kobolds (D:9)
  7 crocodiles
  2 elf zombies (Ossuary)
  14 bullfrogs
  4 scorpions
  48 killer bees
  A howler monkey (D:9)
  6 crimson imps
  A bullfrog zombie (D:5)
  6 centaur zombies
  8 jellies
  7 orc priests
  4 centaur skeletons
  2 hounds
  13 orc wizards
  2 bullfrog skeletons
  8 iguanas
  12 worker ants
  2 big kobold zombies (Ossuary)
  2 hound zombies
  2 mummies (Ossuary)
  14 adders
  2 shadow imps
  2 white imps (Gauntlet)
  4 oozes
  2 adder skeletons
  2 worms (Lair:3)
  4 dart slugs
  8 leopard geckos
  61 orcs
  9 giant cockroaches
  3 gnoll zombies (Ossuary)
  8 goblins
  10 hobgoblins
  8 jackals
  11 kobolds
  3 quokkas
  A ball python (D:6)
  8 bats
  9 frilled lizards
  A goblin zombie (Ossuary)
  2 hobgoblin zombies (Ossuary)
  2 jackal zombies
  2 leopard gecko skeletons
  3 orc zombies (Ossuary)
  9 rats
  A fungus (Lair:4)
671 creatures vanquished.

Vanquished Creatures (collateral kills)
  A crimson imp (D:13)
1 creature vanquished.

Vanquished Creatures (others)
  3 hydras
  A manticore (D:11)
  An ice devil (Gauntlet)
  A bush (Lair:6)
  27 fungi
  27 plants
60 creatures vanquished.

Grand Total: 732 creatures vanquished

Notes
Turn   | Place    | Note
-------+----------+-------------------------------------------
     0 | Abyss:1  | Gargoyl the Centaur Abyssal Knight began the quest for the
                  | Orb.
     0 | Abyss:1  | Reached XP level 1. HP: 19/19 MP: 2/2
    39 | Abyss:2  | Got a scorched halberd
    40 | Abyss:2  | Identified the +10 halberd "Kyphah" {antimagic, rElec rF-
                  | Int+3 Dex+3} (You found it on level 2 of the Abyss)
    82 | Abyss:2  | Noticed a tentacled starspawn
    83 | D:1      | Escaped the Abyss
   226 | D:1      | Found a one-way gate to the infinite horrors of the Abyss.
   226 | D:1      | Found a corrupted altar of Lugonu.
   226 | D:1      | Noticed an iron imp
   226 | D:1      | Noticed an iron imp
   226 | D:1      | Noticed an iron imp
   226 | D:1      | Noticed a demonic crawler
   226 | D:1      | Noticed an iron imp
   226 | D:1      | Noticed an iron imp
   227 | D:1      | Noticed a demonic crawler
   227 | D:1      | Reached * piety under Lugonu
   227 | D:1      | Reached XP level 2. HP: 26/26 MP: 1/3
   447 | D:1      | Reached skill level 1 in Dodging
   542 | D:1      | Reached XP level 3. HP: 25/31 MP: 1/4
  1064 | D:2      | Reached skill level 1 in Polearms
  1159 | D:2      | Reached ** piety under Lugonu
  1159 | D:2      | Reached XP level 4. HP: 24/39 MP: 1/5
  1778 | D:3      | Gained mutation: Your magical capacity is low. (-10% MP)
                  | [potion of mutation]
  1778 | D:3      | Gained mutation: You possess an exceptional clarity of
                  | mind. [potion of mutation]
  1863 | D:3      | Reached skill level 2 in Polearms
  1907 | D:3      | Reached XP level 5. HP: 46/46 MP: 2/6
  2385 | D:3      | Reached *** piety under Lugonu
  2464 | D:3      | Found a burning altar of Makhleb.
  2466 | D:3      | Noticed an Executioner
  2470 | D:3      | Noticed a neqoxec
  2470 | D:3      | Noticed a ynoxinul
  2512 | D:3      | Noticed a hippogriff
  2526 | D:3      | Killed a hippogriff
  2526 | D:3      | Reached skill level 3 in Polearms
  2526 | D:3      | Reached XP level 6. HP: 28/52 MP: 2/7
  3137 | D:4      | Found a glowing golden altar of the Shining One.
  3302 | D:4      | Reached skill level 4 in Polearms
  3302 | D:4      | Reached XP level 7. HP: 28/59 MP: 2/8
  3487 | D:4      | Got a heavily runed leather armour
  3498 | D:4      | Identified the +1 leather armour "Guefot" {Str+3 Dex+3}
                  | (You found it on level 4 of the Dungeon)
  3524 | D:4      | Found a shimmering blue altar of Sif Muna.
  3657 | D:4      | Found Jipritz's Food Shop.
  4075 | D:5      | Entered Level 5 of the Dungeon
  4075 | D:5      | Found Qeyblitt's Antique Armour Shop.
  4089 | D:4      | Reached **** piety under Lugonu
  4101 | D:5      | Found Syuwe's Book Emporium.
  4104 | D:5      | Reached XP level 8. HP: 50/67 MP: 3/10
  4400 | D:5      | Bought a runed cloak for 187 gold pieces
  4518 | D:5      | Found Atuept's Food Boutique.
  4587 | D:5      | Found a staircase to the Ecumenical Temple.
  4623 | D:5      | Found a sand-covered staircase.
  4628 | Ossuary  | Entered an ossuary
  4640 | Ossuary  | Reached skill level 5 in Polearms
  4653 | Ossuary  | Reached skill level 5 in Invocations
  4980 | D:5      | Found Saz Bam's Magic Scroll Shoppe.
  5015 | D:5      | Reached skill level 5 in Fighting
  5118 | D:5      | Bought a scroll of teleportation for 30 gold pieces
  5182 | D:5      | Found an ancient bone altar of Kikubaaqudgha.
  5309 | D:5      | Found an ornate altar of the Wu Jian Council.
  5401 | D:6      | Reached skill level 6 in Polearms
  5589 | D:6      | Reached XP level 9. HP: 74/74 MP: 3/11
  5631 | D:6      | Found a basalt altar of Yredelemnul.
  5657 | D:6      | Found Sinomamn's Distillery.
  6420 | D:7      | Reached ***** piety under Lugonu
  6831 | D:7      | Reached skill level 7 in Polearms
  7231 | D:7      | Found a snail-covered altar of Cheibriados.
  7257 | D:7      | Reached skill level 1 in Throwing
  7259 | D:7      | Reached skill level 5 in Armour
  7699 | D:8      | Reached XP level 10. HP: 68/83 MP: 4/13
  7700 | D:8      | Noticed a two-headed ogre
  7724 | D:8      | Killed a two-headed ogre
  7724 | D:8      | Reached skill level 8 in Polearms
  7798 | D:8      | Found a shattered altar of Ashenzari.
  7847 | D:8      | Noticed Psyche
  7855 | D:8      | Paralysed by Psyche for 3 turns
  7860 | D:8      | Killed Psyche
  8136 | D:8      | Found a hide-covered altar of Uskayaw.
  8141 | D:8      | Found a radiant altar of Vehumet.
  8500 | D:8      | Found a shadowy altar of Dithmenos.
  9321 | D:9      | Reached skill level 5 in Dodging
  9395 | D:9      | Found a basalt altar of Yredelemnul.
  9454 | D:9      | Found a sacrificial altar of Ru.
  9759 | D:9      | Found a white marble altar of Elyvilon.
 10316 | D:10     | Entered Level 10 of the Dungeon
 10478 | D:10     | Noticed Erica
 10496 | D:10     | Killed Erica
 10496 | D:10     | Reached skill level 9 in Polearms
 10598 | D:10     | Reached XP level 11. HP: 74/91 MP: 4/14
 10678 | D:10     | Noticed a two-headed ogre
 10687 | D:10     | Killed a two-headed ogre
 11442 | D:11     | Found a staircase to the Lair.
 11477 | D:11     | Noticed a cyan ugly thing
 11759 | D:10     | Killed a cyan ugly thing
 12182 | D:11     | Found Fibuegraj's Assorted Antiques.
 12192 | D:11     | Bought a slimy broad axe for 180 gold pieces
 12192 | D:11     | Identified the +2 broad axe "Xifougg" {freeze, Str+2} (You
                  | bought it in a shop on level 11 of the Dungeon)
 12526 | D:11     | Noticed Josephine
 12545 | D:11     | Killed Josephine
 12797 | D:11     | Found the ring of Robustness {AC+8}
 12833 | D:11     | Reached ****** piety under Lugonu
 13037 | D:11     | Found a staircase to the Orcish Mines.
 13133 | D:11     | Killed an unseen horror
 13300 | Lair:1   | Entered Level 1 of the Lair of Beasts
 13397 | Lair:1   | Reached skill level 10 in Polearms
 14023 | Lair:1   | Found a burning altar of Makhleb.
 14229 | Lair:1   | Reached XP level 12. HP: 73/100 MP: 5/16
 15111 | Lair:2   | Found a gate leading to a gauntlet.
 15120 | Gauntlet | Entered a Gauntlet
 15120 | Gauntlet | Found a large runed translucent door.
 15120 | Gauntlet | Found a large runed translucent door.
 15120 | Gauntlet | Found a large runed translucent door.
 15120 | Gauntlet | Found a large runed translucent door.
 15120 | Gauntlet | Found a runed translucent door.
 15120 | Gauntlet | Found a large runed translucent door.
 15120 | Gauntlet | Found a large runed translucent door.
 15120 | Gauntlet | Found a transporter.
 15120 | Gauntlet | Found a transporter.
 15120 | Gauntlet | Found a large runed translucent door.
 15120 | Gauntlet | Found a large runed translucent door.
 15120 | Gauntlet | Found a runed translucent gate.
 15120 | Gauntlet | Found a runed translucent gate.
 15120 | Gauntlet | Found a transporter.
 15120 | Gauntlet | Found a transporter.
 15150 | Gauntlet | Found a transporter.
 15160 | Gauntlet | Got a crude plate armour
 15192 | Gauntlet | Identified the +9 plate armour of Xeruffia {rPois rC+ MR-
                  | Int+8} (You found it in a Gauntlet)
 15206 | Gauntlet | Noticed a blizzard demon
 15206 | Gauntlet | Found a transporter.
 15213 | Gauntlet | Found a transporter.
 15219 | Gauntlet | Killed a blizzard demon
 15230 | Gauntlet | Got a bloodstained hat
 15555 | Gauntlet | Identified the +0 hat of a wizard's laboratory {rF+ Int+4}
                  | (You found it in a Gauntlet)
 15558 | Gauntlet | Noticed an entropy weaver
 15559 | Gauntlet | Found a transporter.
 15567 | Gauntlet | Killed an entropy weaver
 15841 | Gauntlet | Noticed a minotaur
 15848 | Gauntlet | Killed a minotaur
 15848 | Gauntlet | Reached skill level 1 in Evocations
 15880 | Gauntlet | Identified the Volume of Snow and Poison
 16121 | Lair:2   | Noticed a seven-headed hydra
 16142 | Lair:2   | Killed a nine-headed hydra
 16844 | Lair:3   | Reached skill level 11 in Polearms
 17458 | Lair:3   | Noticed wazuzu's ghost (journeyman OgFE)
 17500 | Lair:2   | Got a distressingly furry scale mail
 17501 | Lair:2   | Identified the +1 scale mail of Hysteria {rElec rN+} (You
                  | found it on level 2 of the Lair of Beasts)
 17909 | Lair:2   | Reached XP level 13. HP: 63/107 MP: 4/18
 19545 | Lair:3   | Reached skill level 10 in Invocations
 20009 | Lair:3   | Found a runed translucent door.
 20064 | Lair:3   | Killed wazuzu's ghost
 20556 | Lair:4   | Found a staircase to the Shoals.
 22699 | Lair:4   | Found a hole to the Spider Nest.
 22837 | Lair:5   | Reached skill level 12 in Polearms
 23104 | Lair:5   | Got a pair of ancient gloves
 23115 | Lair:5   | Identified the +1 pair of gloves of Loss {MR+} (You found
                  | it on level 5 of the Lair of Beasts)
 23932 | Lair:5   | Found a staircase to the Slime Pits.
 24981 | Lair:6   | Entered Level 6 of the Lair of Beasts
 25124 | Lair:5   | Reached XP level 14. HP: 33/116 MP: 6/19
 25627 | Lair:5   | Reached skill level 10 in Armour
 27744 | Lair:6   | Reached skill level 13 in Polearms
 27934 | Lair:6   | Identified Qacom's Collected Works on Orientation and Air
 27969 | Lair:6   | Got a polished scale mail
 27970 | Lair:6   | Identified the +3 scale mail of Space {rF+ rN+} (You found
                  | it on level 6 of the Lair of Beasts)
 29395 | D:12     | Noticed Gastronok
 29405 | D:12     | Killed Gastronok
 29807 | D:13     | Noticed Urug
 29821 | D:13     | Killed Urug
 30210 | D:13     | Noticed Snorg
 30215 | D:13     | Killed Snorg
 30273 | D:13     | Found a gate to the Vaults.
 30318 | D:13     | Reached XP level 15. HP: 117/126 MP: 7/21
 30685 | D:13     | Found the +3 sling "Punk" {acid, rCorr}
 31040 | D:13     | Reached skill level 10 in Fighting
 31597 | D:14     | Found a glowing silver altar of Zin.
 31771 | D:14     | Reached skill level 14 in Polearms
 31871 | D:14     | Noticed Louise
 31920 | D:14     | Killed Louise
 32942 | D:15     | Entered Level 15 of the Dungeon
 32962 | D:14     | Slain by a white ugly thing

Levels and vault maps discovered:
D:1:      erik_arrival_cave_to_civilisation [erik_arrival_cave_to_temple],
          layout_basic, minmay_heptomino_h4
D:2:      layout_loops_ring
D:3:      layout_basic, makhleb_altar_promises_db
D:4:      layout_gridville, kennysheep_little_box, kennysheep_mini_moat,
          first_ration, kennysheep_small_circle
D:5:      layout_cave_pools, lemuel_coloured_pillars_altar,
          kiku_gazebo_pond_becter, minmay_temple_entry_steel_oval,
          enter_ossuary_5, serial_shops, nicolae_shop_stone, shop_coins,
          nicolae_shop_trees, nicolae_shop_crystal, minmay_manual_mares
D:6:      layout_basic, basic_altar, serial_shops, shop
D:7:      layout_rooms, basic_altar
D:8:      layout_loops_cross, old_standard_altar, grunt_temple_overflow_open,
          uniq_psyche
D:9:      layout_basic, kennysheep_ying_yang, nicolae_overflow_crystal_walls,
          minmay_fractal_squares_5
D:10:     layout_rooms, uniq_erica
D:11:     layout_cross, david_lair_generic, hiddenorc1_lemuel, serial_shops,
          shop, uniq_josephine
D:12:     layout_loops_ring, uniq_gastronok
D:13:     minmay_weird_star, layout_basic, erik_vaults_2, uniq_snorg, uniq_urug
D:14:     layout_basic, lemuel_altar_in_water, uniq_louise
D:15:     grunt_enter_depths_snipers, layout_rooms, hangedman_decor_lopped,
          jmf_multi_god_temple2
Lair:1:   layout_roguey, basic_altar, special_room [special_room_bee]
Lair:2:   layout_misc_corridors, gauntlet_entry_generic, st_stairs_8,
          grunt_forest_small_clearings, chequers_serial_rivers_room_a,
          chequers_serial_rivers_large_a, infiniplex_staircase_pool_2,
          grunt_megastairs_1
Lair:3:   layout_big_grid, portal_ice_cave_entry_pillars_1,
          hellmonk_ghost_happy_afterlife, nicolae_quartered_pool_little,
          hibernation_bobbens, grunt_megastairs_2, minmay_lair_oklob_chamber
Lair:4:   layout_misc_corridors, minmay_shoals_entry_beasts,
          nicolae_spider_entry_non_spiders
Lair:5:   layout_cave_pods, minmay_slime_entry_pillars, grunt_megastairs_3
Lair:6:   gammafunk_lair_ancient_temple, layout_misc_corridors, special_room
          [special_room_mythical_zoo]

Skill      XL: |  1  2  3  4  5  6  7  8  9 10 11 12 13 14 15 |
---------------+----------------------------------------------+-----
Dodging        | 1 2 3 4 5 6 7 8 |  8.6
Polearms       | 1 2 3 4 6 7 9 10 11 12 13 14 | 14.1
Armour         | 2 3 4 5 6 7 9 10 | 10.7
Fighting       | 4 5 6 7 8 9 10 | 10.2
Invocations    | 3 4 5 6 7 8 9 10 11 12 | 12.1
Throwing       | 1 2 |  2.9
Evocations     | 1 |  1.3
Axes           | |  1.8

Action                   |  1- 3 |  4- 6 |  7- 9 | 10-12 | 13-15 || total
-------------------------+-------+-------+-------+-------+-------++-------
Melee: Halberd           |    67 |    87 |   323 |   626 |  1168 ||  2271
       Kick              |     5 |    16 |    71 |   189 |   366 ||   647
       Unarmed           |       |       |    24 |       |       ||    24
Throw: Javelin           |       |     2 |    14 |    14 |    10 ||    40
       Boomerang         |       |       |       |    18 |       ||    18
Invok: Depart the Abyss  |     1 |       |       |       |       ||     1
       Bend Space        |       |       |     1 |     3 |     1 ||     5
       Banish            |       |       |       |     4 |     5 ||     9
Evoke: Wand              |       |       |     5 |    14 |     3 ||    22
  Use: Scroll            |     5 |    10 |     4 |    12 |     9 ||    40
       Potion            |     1 |     1 |     3 |     3 |     3 ||    11
 Stab: Confused          |       |       |     3 |       |       ||     3
       Distracted        |       |       |       |       |     1 ||     1
  Eat: Chunk             |       |     6 |    10 |    20 |    35 ||    71
       Ration            |       |       |     1 |     3 |     3 ||     7
Armor: Leather armour    |    19 |    24 |       |       |       ||    43
       Skin              |    22 |       |    11 |       |       ||    33
       Chain mail        |       |     7 |   274 |   156 |       ||   437
       Pearl dragon scal |       |       |       |   398 |   895 ||  1293
Dodge: Dodged            |    32 |    28 |   126 |   393 |   782 ||  1361

Table legend:
 A = Non-vault XP
 B = Vault XP
 C = Vault XP percentage of total XP
 D = Non-vault monster count
 E = Vault monster count
 F = Vault count percentage of total count
                 A         B        C        D         E       F
            +---------+---------+-------+---------+---------+-------
      Total |   69384 |   51023 |  42.4 |     488 |     188 |  27.8
            +---------+---------+-------+---------+---------+-------
        D:1 |      58 |      12 |  17.1 |      26 |       6 |  18.8
        D:2 |      50 |       0 |   0.0 |      16 |       0 |   0.0
        D:3 |     385 |       0 |   0.0 |      31 |       0 |   0.0
        D:4 |     664 |     213 |  24.3 |      25 |       3 |  10.7
        D:5 |     684 |     213 |  23.7 |      25 |       2 |   7.4
        D:6 |     752 |       0 |   0.0 |      24 |       0 |   0.0
        D:7 |    1679 |       0 |   0.0 |      29 |       0 |   0.0
        D:8 |    2329 |     454 |  16.3 |      26 |       1 |   3.7
        D:9 |     933 |     552 |  37.2 |      21 |       4 |  16.0
       D:10 |    2932 |    1336 |  31.3 |      13 |       3 |  18.8
       D:11 |    2424 |    2726 |  52.9 |      14 |      25 |  64.1
       D:12 |    4760 |    2421 |  33.7 |      34 |       1 |   2.9
       D:13 |    5591 |    9863 |  63.8 |      25 |      10 |  28.6
       D:14 |   10857 |    1601 |  12.9 |      37 |       1 |   2.6
     Lair:1 |    3254 |    1474 |  31.2 |      13 |      20 |  60.6
     Lair:2 |    5329 |    3042 |  36.3 |      27 |      10 |  27.0
     Lair:3 |    5394 |    5004 |  48.1 |      22 |      15 |  40.5
     Lair:4 |    6719 |     143 |   2.1 |      25 |       3 |  10.7
     Lair:5 |    9312 |    4949 |  34.7 |      33 |      18 |  35.3
     Lair:6 |    5278 |   11716 |  68.9 |      22 |      39 |  63.9
    Ossuary |       0 |     338 | 100.0 |       0 |      16 | 100.0
   Gauntlet |       0 |    4966 | 100.0 |       0 |      11 | 100.0
            +---------+---------+-------+---------+---------+-------
